 Dungeon Crawl Stone Soup version 0.25-a0-571-gb5e01bddfa (webtiles) character file.

Game seed: 8121387701267764827, levelgen mode: deterministic

1560 Kohma the Grappler (level 8, -5/80 HPs)
             Began as a Troll Monk on Feb 29, 2020.
             Slain by an orc warrior
             ... wielding a cursed +0 halberd
              (11 damage)
             ... in a bailey.
             The game lasted 00:12:53 (5199 turns).

Kohma the Grappler (Troll Monk)                     Turns: 5199, Time: 00:12:54

Health: -5/80      AC: 10    Str: 20    XL:     8   Next: 58%
Magic:  7/7        EV: 13    Int:  6    God:
Gold:   452        SH:  0    Dex: 17    Spells: 7/7 levels left

rFire    . . .     SeeInvis .     - Unarmed
rCold    . . .     Gourm    +   (no shield)
rNeg     . . .     Faith    .   a - +1 robe
rPois    .         Spirit   .   (helmet restricted)
rElec    .         Reflect  .   (no cloak)
rCorr    .         Harm     .   (gloves unavailable)
MR       .....                  (boots unavailable)
Stlth    ++........             (no amulet)
HPRegen  0.63/turn              j - +3 ring of dexterity
MPRegen  0.10/turn              n - +3 ring of protection

@: no status effects
A: large, unfitting armour, claws 3, fast metabolism 3, gourmand, regeneration
1, shaggy fur 1, tough skin 3
a: no special abilities


You were in a bailey.
You were completely stuffed.

You visited 2 branches of the dungeon, and saw 8 of its levels.
You also visited: Bailey.

You collected 452 gold pieces.

Inventory:

Missiles
 l - 17 poisoned darts (quivered)
Armour
 a - a +1 robe (worn)
Magical Staves
 q - an uncursed staff of earth
Jewellery
 j - a +3 ring of dexterity (left claw)
 n - a +3 ring of protection (right claw)
Wands
 g - a wand of disintegration (18)
 u - a wand of digging (3)
Scrolls
 k - 3 scrolls of remove curse
Potions
 d - 2 potions of brilliance
 f - a potion of resistance {unknown}
 h - 2 potions of lignification
 m - 3 potions of stabbing
 o - a potion of invisibility {unknown}
 p - a potion of haste
 r - 2 potions of curing
 s - 4 potions of mutation
 t - 2 potions of ambrosia
Comestibles
 b - 15 rations
 c - 13 chunks of flesh


   Skills:
 + Level 5.0 Fighting
 + Level 5.1 Dodging
 - Level 1.0 Stealth
 * Level 8.3 Unarmed Combat


You had 7 spell levels left.
You didn't know any spells.
Your spell library contained the following spells:

 Spells                   Type           Power        Failure   Level  Hunger
 Sandblast                Erth           #.....       45%         1    ##.....
 Passwall                 Tmut/Erth      #.......     58%         2    ###....
 Stone Arrow              Conj/Erth      #.....       83%         3    ####...
 Petrify                  Tmut/Erth      #.......     99%         4    #####..
 Lee's Rapid Deconstruct  Erth           #.........   100%        5    ######.


Dungeon Overview and Level Annotations

Branches:
Dungeon (7/15)             Temple (1/1) D:4          Bailey (1/1)

Altars:
Ashenzari
Cheibriados
Dithmenos
Fedhas
Gozag
Hepliaklqana
Kikubaaqudgha
Okawaru
Qazlal
Ru
Sif Muna
Trog
Uskayaw
Vehumet
Wu Jian
Xom
Yredelemnul
The Shining One

Annotations:
D:3 3 runed translucent doors, exclusion: 3 doors, blobbo's ghost, amateur DEFE


Innate Abilities, Weirdness & Mutations

You are too large for most types of armour.
You have claws for hands.
Your metabolism is lightning-fast.
You like to eat raw meat.
Your natural rate of healing is unusually fast.
You are covered in fur. (AC +1)
You have extremely tough skin. (AC +3)


Message History

The orc hits you with a +0 halberd!
The orc warrior hits you from afar with a +0 halberd!
The orc warrior hits you from afar with a cursed +0 halberd.
You claw the orc!
You kill the orc!
The orc warrior hits you from afar with a +0 halberd!
* * * LOW HITPOINT WARNING * * *
There is an open door here.
The orc warrior hits you from afar with a +0 halberd!
* * * LOW HITPOINT WARNING * * *
The orc warrior completely misses you.
There is an open door, spattered with blood here.
You claw the orc warrior!
The orc warrior is almost dead.
The orc hits you from afar with a cursed -3 halberd.
* * * LOW HITPOINT WARNING * * *
The orc warrior hits you but does no damage.
The orc warrior closely misses you.
The orc warrior hits you from afar with a cursed +0 halberd!
You die...

############ ######
##.∩)).)....## #.....#
#...)))).....######.......
#....))).....#o...#o......
#∩..........@'oooooo......
#............#o...#.......
#............######.......
##.∩........## #.....#
############ ######


You could see 3 orc warriors and 6 orcs.

Vanquished Creatures
  2 sky beasts (D:5)
  2 phantoms (D:4)
  A centaur (D:7)
  4 killer bees (D:7)
  3 howler monkeys (D:7)
  2 crimson imps
  4 orc priests
  3 bullfrog skeletons
  A centaur skeleton (D:4)
  3 worker ants
  3 iguanas (D:4)
  3 orc wizards (D:6)
  A hound skeleton (D:7)
  2 worker ant zombies
  10 adders
  A howler monkey skeleton (D:5)
  3 shadow imps
  3 oozes
  An adder skeleton (D:4)
  2 worms (D:3)
  A dart slug (D:1)
  6 leopard geckos
  25 orcs
  4 bats
  2 giant cockroaches (D:4)
  A goblin (D:2)
  6 hobgoblins
  5 jackals
  9 quokkas
  2 ball pythons
  7 frilled lizards
  7 kobolds
  A quokka skeleton (D:4)
  9 rats
139 creatures vanquished.

Notes
Turn   | Place    | Note
-------+----------+-------------------------------------------
     0 | D:1      | Kohma the Troll Monk began the quest for the Orb.
     0 | D:1      | Reached XP level 1. HP: 22/22 MP: 0/0
   246 | D:1      | Reached XP level 2. HP: 29/29 MP: 1/1
   562 | D:2      | Found a snail-covered altar of Cheibriados.
   567 | D:2      | Reached XP level 3. HP: 36/36 MP: 2/2
  1124 | D:3      | Reached skill level 4 in Unarmed Combat
  1428 | D:3      | Reached XP level 4. HP: 44/44 MP: 3/3
  1586 | D:3      | Reached XP level 5. HP: 51/53 MP: 4/4
  1695 | D:3      | Found a runed translucent gate.
  1695 | D:3      | Found a runed translucent gate.
  1697 | D:3      | Found a runed translucent gate.
  1698 | D:3      | Noticed blobbo's ghost (amateur DEFE)
  1756 | D:3      | You fall into a shaft and drop 2 floors!
  1756 | D:5      | Entered Level 5 of the Dungeon
  1862 | D:5      | Noticed a sky beast
  1875 | D:5      | Killed a sky beast
  1875 | D:5      | Reached skill level 5 in Unarmed Combat
  1875 | D:5      | Reached XP level 6. HP: 55/61 MP: 5/5
  1880 | D:5      | Noticed a sky beast
  1887 | D:5      | Killed a sky beast
  2176 | D:5      | Reached skill level 6 in Unarmed Combat
  2356 | D:4      | Found a stormy altar of Qazlal.
  2358 | D:4      | Noticed an air elemental
  2358 | D:4      | Noticed a fire elemental
  2359 | D:4      | Noticed a water elemental
  2396 | D:4      | Reached XP level 7. HP: 59/68 MP: 6/6
  2485 | D:4      | Found a stormy altar of Qazlal.
  2961 | D:4      | Found a staircase to the Ecumenical Temple.
  3372 | Temple   | Entered the Ecumenical Temple
  3594 | D:4      | Found a blossoming altar of Fedhas.
  3675 | D:6      | Reached skill level 7 in Unarmed Combat
  4037 | D:6      | Reached XP level 8. HP: 79/79 MP: 7/7
  4090 | D:6      | Found a hide-covered altar of Uskayaw.
  4405 | D:7      | Found a blossoming altar of Fedhas.
  4771 | D:7      | Found a flagged portal.
  4800 | D:7      | Reached skill level 8 in Unarmed Combat
  4921 | D:7      | Reached skill level 5 in Dodging
  4924 | D:7      | Reached skill level 5 in Fighting
  4973 | Bailey   | Entered a bailey
  5199 | Bailey   | Slain by an orc warrior

Levels and vault maps discovered:
D:1:      sevenhm_arrival_forest_fort_small_3, layout_basic
D:2:      kb_forest_paths, layout_basic, cheibriados_altar_1,
          nrook_mini_backslash, hangedman_decor_points
D:3:      layout_loops_ring, gammafunk_ghost_necromancy, first_ration
D:4:      minmay_door_path, layout_basic, nicolae_overflow_hidden_temple,
          nicolae_overflow_crystal_walls, lemuel_temple_firewalk_b,
          nicolae_qazlal_style_of_elements
D:5:      layout_loops_ring
D:6:      layout_basic, kennysheep_mini
D:7:      layout_basic, amethyst_overflow_temple_binary, enter_bailey_8,
          corexii_leaking_fountain, fedhas_altar_4
Temple:   nicolae_temple_great_sept
Bailey:   bailey_polearm_5, bailey

Skill      XL: |  1  2  3  4  5  6  7  8 |
---------------+-------------------------+-----
Unarmed Combat | 4 5 6 7 8 |  8.3
Fighting       | 3 4 5 |  5.0
Dodging        | 3 4 5 |  5.1
Stealth        | |  1.0

Action                   |  1- 3 |  4- 6 |  7- 9 || total
-------------------------+-------+-------+-------++-------
Melee: Unarmed           |   108 |   114 |   161 ||   383
       Punch             |     1 |     2 |     5 ||     8
Evoke: Wand              |       |       |     3 ||     3
  Use: Potion            |       |     1 |     1 ||     2
       Scroll            |       |    11 |     6 ||    17
 Stab: Sleeping          |     6 |     3 |     7 ||    16
  Eat: Chunk             |    19 |     8 |    26 ||    53
Armor: Robe              |    42 |    32 |    46 ||   120
       Skin              |       |    12 |       ||    12
Dodge: Dodged            |    70 |    46 |   135 ||   251

Table legend:
 A = Non-vault XP
 B = Vault XP
 C = Vault XP percentage of total XP
 D = Non-vault monster count
 E = Vault monster count
 F = Vault count percentage of total count
                 A         B        C        D         E       F
            +---------+---------+-------+---------+---------+-------
      Total |    2160 |      69 |   3.1 |     118 |      21 |  15.1
            +---------+---------+-------+---------+---------+-------
        D:1 |      21 |       0 |   0.0 |      14 |       0 |   0.0
        D:2 |      28 |      22 |  44.0 |      10 |       6 |  37.5
        D:3 |     166 |       0 |   0.0 |      27 |       0 |   0.0
        D:4 |     437 |       5 |   1.1 |      13 |       1 |   7.1
        D:5 |     484 |       0 |   0.0 |      16 |       0 |   0.0
        D:6 |     287 |       0 |   0.0 |      14 |       0 |   0.0
        D:7 |     737 |       0 |   0.0 |      24 |       0 |   0.0
     Bailey |       0 |      42 | 100.0 |       0 |      14 | 100.0
            +---------+---------+-------+---------+---------+-------
